 Dungeon Crawl Stone Soup version 0.30-a0-122-g2a1322497e (webtiles) character file.

Game seed: 10703956963411503463

5336 ragingrage the Spear-Bearer (level 10, -5/70 HPs)
             Began as a Demonspawn Fighter on Sept 15, 2022.
             Was a High Priest of Okawaru.
             Killed from afar by Maggie (28 damage)
             ... with a bolt of fire
             ... on level 9 of the Dungeon.
             The game lasted 00:10:38 (8640 turns).

ragingrage the Spear-Bearer (Demonspawn Fighter)    Turns: 8640, Time: 00:10:38

Health: -5/70      AC: 16    Str: 24    XL:     10   Next: 38%
Magic:  14/14      EV:  7    Int: 16    God:    Okawaru [*****.]
Gold:   1867       SH: 10    Dex: 18    Spells: 9/9 levels left

rFire   . . .      SeeInvis .    l - +2 demon trident (venom)
rCold   + . .      Faith    .    c - +0 buckler
rNeg    + . .      Spirit   .    L - +0 chain mail {rC+}
rPois   .          Reflect  +    (no helmet)
rElec   .          Harm     .    a - +2 cloak {Will+}
rCorr   .          Rampage  +    w - +0 pair of gloves
Will    +....                    F - +1 pair of boots {rampage}
Stlth   ..........               k - amulet of reflection
HPRegen 0.21/turn                n - +6 ring of dexterity
MPRegen 0.28/turn                s - ring of Ceolap {rN+ Str+3 Int+6 Stlth+}

@: studying Spellcasting
A: claws 1, spiny 1, magic regeneration, sharp scales 1
a: Renounce Religion, Heroism, Finesse, Duel


You were on level 9 of the Dungeon.
You worshipped Okawaru.
Okawaru was extremely pleased with you.
You visited 1 branch of the dungeon, and saw 9 of its levels.
You also visited: Bailey.

You collected 1867 gold pieces.

Inventory:

Hand Weapons
 l - a +2 demon trident of venom (weapon)
 p - a +0 bardiche
Missiles
 b - 4 javelins
 q - 4 poisoned darts
 H - a boomerang of dispersal
Armour
 a - a +2 cloak of willpower (worn)
 c - a +0 buckler (worn)
 w - a +0 pair of gloves (worn)
 F - a +1 pair of boots of rampaging (worn)
 L - a +0 chain mail of cold resistance (worn)
Jewellery
 k - an amulet of reflection (around neck)
 n - a +6 ring of dexterity (left hand)
 s - the ring of Ceolap (right hand) {rN+ Str+3 Int+6 Stlth+}
   (You acquired it on level 6 of the Dungeon)

   [ring of intelligence]

   Str:       It affects your strength (+3).
   Int:       It affects your intelligence (+6).
   rN:        It protects you from negative energy.
   Stlth:     It makes you more stealthy.
 D - a ring of ice
 G - a ring of see invisible
Wands
 C - a wand of mindburst (1) (quivered)
Scrolls
 e - 2 scrolls of fear
 g - a scroll of amnesia
 i - 4 scrolls of vulnerability
 r - a scroll of identify
 u - 4 scrolls of blinking
 x - 4 scrolls of teleportation
 I - a scroll of fog
Potions
 d - 3 potions of might
 f - 8 potions of heal wounds
 h - a potion of magic {unknown}
 j - 3 potions of curing
 m - 2 potions of attraction {unknown}
 o - 2 potions of flight
 t - a potion of berserk rage {unknown}
 v - 2 potions of ambrosia
 z - 4 potions of brilliance {unknown}
 A - 2 potions of degeneration {unknown}
 B - 2 potions of haste {unknown}
 E - a potion of invisibility {unknown}
 J - a potion of mutation {unknown}
Miscellaneous
 K - a phantom mirror


   Skills:
 - Level 3.0 Fighting
 + Level 13.5 Polearms
 - Level 2.6 Armour
 - Level 2.6 Shields
 - Level 6.0 Invocations


You had 9 spell levels left.
You didn't know any spells.
Your spell library contained the following spells:

 Spells                   Type           Power      Damage    Failure   Level
 Sublimation of Blood     Necr           0%         N/A       98%         2
 Wereblood                Tmut           0%         N/A       98%         2
 Confusing Touch          Hex            0%         N/A       100%        3
 Gell's Gravitas          Tloc           0%         N/A       100%        3
 Teleport Other           Tloc           0%         N/A       100%        3
 Fireball                 Conj/Fire      0%         3d3       100%        5
 Iskenderun's Battlesphe  Conj           0%         2d6       100%        5
 Yara's Violent Unravell  Hex/Tmut       0%         3d3       100%        5
 Conjure Ball Lightning   Conj/Air       0%         3x3d6     100%        6
 Dispersal                Tloc           0%         N/A       100%        6
 Enfeeble                 Hex            0%         N/A       100%        7
 Orb of Destruction       Conj           0%         9d5       100%        7
 Summon Hydra             Summ           Unusable   N/A       N/A         7

Dungeon Overview and Level Annotations

Branches:
Dungeon (9/15)             Temple (0/1) D:5          Bailey (visited)
   Lair: D:8-11         Orc: D:9-12

Altars:
Cheibriados
Gozag
Okawaru
Wu Jian
Xom
Yredelemnul

Shops:
D:5 (

Annotations:
D:5 1 runed translucent door, MisterAzrael's ghost, novice DjFE
D:9 Maggie


Innate Abilities, Weirdness & Mutations

You have sharp fingernails.
You are partially covered in sharp spines.
You regenerate magic rapidly.
You are partially covered in razor-sharp scales. (AC +1, Slay +1)


Message History

You see here 4 javelins.
b - 4 javelins You open the door.
There is an open door here.
Found a scroll of poison.
J - a viscous puce potion
x - 4 scrolls of teleportation (gained 1)
You open the door.
There is an open door here.
There is an open door here.
m - 2 purple potions (gained 1) Maggie the Vainglorious comes into view.
She is wielding a +0 long sword.
Maggie shouts!
Maggie is nearby!
You rampage towards Maggie!
Maggie gestures at you while chanting. The bolt of fire hits you!
You reach to attack!
You puncture Maggie!
Maggie is moderately wounded.
You barely miss Maggie.
Maggie is moderately wounded.
You completely miss Maggie.
Maggie is moderately wounded.
Maggie hits you with a +0 long sword!
You are too injured to fight recklessly!
You hit Maggie.
Maggie is poisoned.
Maggie is moderately wounded.
Maggie hits you with a +0 long sword!
You are too injured to fight recklessly!
You puncture Maggie!
Maggie is heavily wounded.
You puncture Maggie!
Maggie is severely wounded.
Maggie gestures at you while chanting. The bolt of fire hits you!
You hit Maggie but do no damage.
Maggie is severely wounded.
Maggie gestures at you while chanting. The bolt of fire hits you!!
You die...

..........................
#######.....######.#######
#.....# #.# #.....# #.#
### ####### #.# ... ###
#.# ... #... #.# ...
.+....###.####### ...
......@@......... ##
.##....._.##.#######
............# #
#....⌠.....$. #
##............. #
..._...........
#########..............
.......<#.#...##........
#..######.##..#


You could see Maggie (very poisoned).

Vanquished Creatures
  An orc knight (Bailey)
  A deep elf pyromancer (Bailey)
  A hornet (D:9)
  A wyvern (D:7)
  5 yaks
  A steam dragon (D:7)
  2 water moccasins
  Duvessa (D:6)
  3 sky beasts
  A black bear (D:7)
  9 orc warriors
  An ice beast (D:6)
  A centaur (D:8)
  2 ogres
  2 bullfrogs
  A necrophage (D:7)
  A scorpion (D:6)
  5 wights
  Dowan (D:6)
  3 killer bees (D:7)
  4 hounds
  5 orc priests
  A jelly (D:6)
  6 orc wizards
  5 iguanas
  Terence (D:2)
  7 adders
  A white imp (D:7)
  2 ufetubi (D:6)
  A dart slug (D:1)
  24 orcs
  2 bats
  8 endoplasms
  A giant cockroach (D:1)
  13 goblins
  8 hobgoblins
  2 jackals (D:1)
  9 kobolds
  3 quokkas
  2 ball pythons (D:4)
  3 frilled lizards
  6 rats
157 creatures vanquished.

Vanquished Creatures (others)
  3 plants (D:3)
3 creatures vanquished.

Grand Total: 160 creatures vanquished

Notes
Turn   | Place    | Note
-------+----------+-------------------------------------------
     0 | D:1      | ragingrage the Demonspawn Fighter began the quest for the
                  | Orb.
     0 | D:1      | Reached XP level 1. HP: 18/18 MP: 1/1
     0 | D:1      | Noticed a merfolk
     1 | D:1      | Noticed a formicid
     4 | D:1      | Noticed a troll
     7 | D:1      | Noticed a barachi
     8 | D:1      | Noticed a tengu
     9 | D:1      | Noticed a formicid
    25 | D:1      | Noticed a merfolk
    25 | D:1      | Noticed a tengu
    26 | D:1      | Noticed a human
    28 | D:1      | Noticed a formicid
    30 | D:1      | Noticed a dwarf
    34 | D:1      | Noticed a troll
    56 | D:1      | Reached skill level 2 in Polearms
   127 | D:1      | Gained mutation: You are partially covered in sharp spines.
                  | [demonic ancestry]
   127 | D:1      | Reached XP level 2. HP: 22/24 MP: 2/2
   487 | D:1      | Reached skill level 3 in Polearms
   644 | D:2      | Gained mutation: You are partially covered in razor-sharp
                  | scales. (AC +1, Slay +1) [demonic ancestry]
   644 | D:2      | Reached XP level 3. HP: 29/29 MP: 3/3
   917 | D:2      | Noticed Terence
   926 | D:2      | Killed Terence
   927 | D:2      | Reached XP level 4. HP: 26/35 MP: 4/4
  1051 | D:2      | Reached skill level 4 in Polearms
  1349 | D:3      | Found a faded altar of an unknown god.
  1700 | D:3      | Prayed at the altar of an unknown god.
  1700 | D:3      | Became a worshipper of Warmaster Okawaru
  1700 | D:3      | Reached * piety under Okawaru
  2141 | D:3      | Reached skill level 1 in Invocations
  2204 | D:3      | Gained mutation: You regenerate magic rapidly. [demonic
                  | ancestry]
  2204 | D:3      | Reached XP level 5. HP: 33/41 MP: 6/6
  2544 | D:4      | Found an ornate altar of the Wu Jian Council.
  2548 | D:4      | Reached skill level 5 in Polearms
  2551 | D:4      | Found a shimmering altar of Xom.
  2667 | D:4      | Reached XP level 6. HP: 47/47 MP: 8/8
  2884 | D:5      | Entered Level 5 of the Dungeon
  2905 | D:5      | Reached ** piety under Okawaru
  2923 | D:5      | Reached skill level 5 in Invocations
  2961 | D:5      | Found Wisej's Antique Weapon Shoppe.
  3014 | D:5      | Found a staircase to the Ecumenical Temple.
  3051 | D:5      | Reached XP level 7. HP: 52/52 MP: 10/10
  3225 | D:5      | Noticed MisterAzrael's ghost (novice DjFE)
  3228 | D:5      | Found a runed translucent door.
  3491 | D:6      | Reached skill level 6 in Polearms
  4026 | D:6      | Reached skill level 7 in Polearms
  4055 | D:6      | Reached *** piety under Okawaru
  4135 | D:6      | Reached XP level 8. HP: 58/58 MP: 12/12
  4198 | D:6      | Noticed Dowan
  4199 | D:6      | Noticed Duvessa
  4205 | D:6      | Killed Dowan
  4215 | D:6      | Killed Duvessa
  4216 | D:6      | Reached skill level 8 in Polearms
  4508 | D:6      | Reached skill level 9 in Polearms
  4577 | D:6      | Identified 4 scrolls of acquirement
  4577 | D:6      | Acquired a +1 cloak of willpower
  4608 | D:6      | Acquired 1035 gold pieces
  4610 | D:6      | Acquired the ring of Ceolap {rN+ Str+3 Int+6 Stlth+}
  4615 | D:6      | Acquired a manual of Spellcasting
  5095 | D:7      | Reached **** piety under Okawaru
  5251 | D:7      | Reached skill level 10 in Polearms
  5251 | D:7      | Reached XP level 9. HP: 44/63 MP: 13/13
  6046 | D:8      | Reached skill level 11 in Polearms
  6083 | D:8      | Found a basalt altar of Yredelemnul.
  6100 | D:8      | Received a gift from Okawaru
  6347 | D:7      | Reached skill level 12 in Polearms
  7058 | D:9      | Reached ***** piety under Okawaru
  7118 | D:9      | Found a flagged portal.
  7155 | Bailey   | Entered a bailey
  7191 | Bailey   | Gained mutation: You have sharp fingernails. [demonic
                  | ancestry]
  7191 | Bailey   | Reached XP level 10. HP: 20/70 MP: 14/14
  7481 | Bailey   | Noticed an orc knight
  7601 | Bailey   | Killed an orc knight
  7602 | Bailey   | Reached skill level 13 in Polearms
  7895 | Bailey   | Found a large runed translucent door.
  7895 | Bailey   | Found a large runed translucent door.
  7896 | Bailey   | Noticed a deep elf pyromancer
  8188 | Bailey   | Killed a deep elf pyromancer
  8188 | Bailey   | Received a gift from Okawaru
  8440 | D:9      | Found an opulent altar of Gozag.
  8448 | D:9      | Found a snail-covered altar of Cheibriados.
  8632 | D:9      | Noticed Maggie
  8640 | D:9      | Killed from afar by Maggie

Illustrated notes

Levels and vault maps discovered:
D:1:      shiori_arrival_whats_in_store_for_you, layout_basic, hex_tiny
D:2:      layout_basic, uniq_terence
D:3:      layout_loops_ring, hellmonk_ecumenical_altar_heavens_door,
          lexackson_kobold_supper
D:4:      layout_rooms, jmf_multi_god_temple, nicolae_overflow_hidden_temple,
          hangedman_decor_growths
D:5:      layout_rooms, temple_pool_b, hellmonk_ghost_happy_afterlife,
          minmay_misc_feat_pillars, minmay_shop_grid_forest
D:6:      layout_loops_ring, mainiacjoe_overflow_alcove_4, nrook_pool_corridor,
          minmay_tree_intersection, nicolae_kite_square_tiling_tiny,
          minmay_quadrilaterals, uniq_duvessa
D:7:      layout_loops_ring
D:8:      layout_cave_pools, yredelemnul_altar_generic
D:9:      layout_basic, grunt_temple_overflow_open, enter_bailey_5, uniq_grum,
          uniq_maggie, uniq_psyche

Skill      XL: |  1  2  3  4  5  6  7  8  9 10 |
---------------+-------------------------------+-----
Polearms       | 2 3 4 5 7 10 12 13 | 13.5
Invocations    | 1 3 5 6 |  6.0
Fighting       | |  3.0
Armour         | |  2.6
Shields        | |  2.6

Action                   |  1- 3 |  4- 6 |  7- 9 | 10-12 || total
-------------------------+-------+-------+-------+-------++-------
Melee: Trident           |    25 |       |       |       ||    25
       Demon trident     |    41 |   104 |   222 |    68 ||   435
Throw: Dart              |       |     2 |     9 |     7 ||    18
Invok: Heroism           |       |     1 |     1 |     2 ||     4
Evoke: Wand              |       |       |       |     3 ||     3
  Use: Scroll            |       |       |    15 |     4 ||    19
       Potion            |       |       |     3 |       ||     3
 Stab: Sleeping          |       |       |     3 |       ||     3
       Distracted        |       |       |     1 |       ||     1
Armor: Scale mail        |    13 |    20 |    18 |       ||    51
       Steam dragon scal |       |       |    14 |     7 ||    21
Dodge: Dodged            |    17 |    19 |    43 |    12 ||    91
Block: Buckler           |    15 |    36 |    73 |     9 ||   133
       Reflection        |       |     4 |     1 |       ||     5

Table legend: (Time is in decaauts)
 A = Elapsed time spent in this place.
 B = Non-inter-level travel time spent in this place.
 C = Inter-level travel time spent in this place.
 D = Time resting spent in this place.
 E = Time spent auto-exploring this place.
 F = Levels seen in this place.
 G = Mean time per level.
                   A        B        C        D        E       F      G
               +--------+--------+--------+--------+--------+-----+--------+
         Total |   8612 |   8312 |    300 |   1953 |   4800 |  10 |  861.2 |
       Dungeon |   7537 |   7237 |    300 |   1293 |   4630 |   9 |  837.4 |
        Bailey |   1075 |   1075 |      0 |    660 |    170 |   1 | 1075.0 |
               +--------+--------+--------+--------+--------+-----+--------+

Top non-repeatable levels by time:
     D:6: 1255 daAuts
     D:3: 1135 daAuts
  Bailey: 1075 daAuts
     D:8: 1008 daAuts
     D:7: 1001 daAuts
     D:5: 822 daAuts
     D:2: 645 daAuts
     D:1: 586 daAuts
     D:4: 542 daAuts
     D:9: 539 daAuts
